 Dungeon Crawl Stone Soup version 0.29.1-15-g9cfb28693d (webtiles) character file.

Game seed: 11454378655538559080

74 BuddhaDhamma the Chopper (level 4, -1/58 HPs)
             Began as a Minotaur Berserker on Mar 16, 2023.
             Was a Believer of Trog.
             Slain by a gnoll
             ... wielding a +0 spear
              (5 damage)
             ... on level 2 of the Dungeon.
             The game lasted 00:02:29 (1309 turns).

BuddhaDhamma the Chopper (Minotaur Berserker)       Turns: 1309, Time: 00:02:30

Health: -1/58      AC:  6    Str: 24    XL:     4   Next: 9%
Magic:  12/12      EV: 11    Int:  4    God:    Trog [**....]
Gold:   146        SH:  0    Dex:  9    Spells: 3/3 levels left

rFire   . . .      SeeInvis .   a - +0 hand axe
rCold   . . .      Faith    .   (no shield)
rNeg    . . .      Spirit   .   n - +1 ring mail of Inviolability {MP+9}
rPois   .          Reflect  .   (helmet restricted)
rElec   .          Harm     .   (no cloak)
rCorr   .          Rampage  .   (no gloves)
Will    .....                   (no boots)
Stlth   ..........              (no amulet)
HPRegen 0.19/turn               (no ring)
MPRegen 0.13/turn               (no ring)

@: berserking (expiring), very quick
A: horns 2, retaliatory headbutt
a: Renounce Religion, Berserk, Trog's Hand


You were on level 2 of the Dungeon.
You worshipped Trog.
Trog was pleased with you.
You visited 1 branch of the dungeon, and saw 2 of its levels.

You collected 146 gold pieces.

Inventory:

Hand Weapons
 a - a +0 hand axe (weapon)
Armour
 n - the +1 ring mail of Inviolability (worn) {MP+9}
   (You found it on level 2 of the Dungeon)

   MP:        It affects your magic capacity (+9).
Scrolls
 c - a scroll of poison {unknown}
 f - a scroll of teleportation {unknown}
 h - 2 scrolls of identify {unknown}
 i - a scroll of amnesia {unknown}
 k - a scroll of enchant weapon {unknown}
 l - a scroll of torment {unknown}
Potions
 b - a potion of curing {unknown}
 d - a potion of ambrosia {unknown}
 e - 3 potions of resistance {unknown}
 m - a potion of degeneration {unknown}


   Skills:
 - Level 3.6 Fighting
 + Level 6.0 Axes
 - Level 2.4 Armour
 - Level 2.1 Dodging


You had 3 spell levels left.
You didn't know any spells.
Your spell library was empty.

Dungeon Overview and Level Annotations

Branches:
Dungeon (2/15)

Altars:


Innate Abilities, Weirdness & Mutations

You have a pair of horns on your head.
You reflexively headbutt those who attack you in melee.


Message History

You kill the endoplasm!
Trog accepts your kill.
You see here a ball python corpse.
You feel a strong urge to attack something.
The gnoll hits you from afar with a +0 spear.
The gnoll barely misses you.
You see here a ball python corpse.
You completely miss the gnoll. You slash the gnoll!
Your headbutt misses the gnoll.
The gnoll is almost dead.
The gnoll hits you from afar with a +0 spear!
The gnoll closely misses you.
You barely miss the gnoll.
The gnoll is almost dead.
You barely miss the gnoll.
The gnoll is almost dead.
The gnoll hits you from afar with a +0 spear.
The gnoll hits you with a +0 halberd.
* * * LOW HITPOINT WARNING * * *
You slash the gnoll!
You kill the gnoll!
Trog accepts your kill.
The gnoll hits you from afar with a +0 spear.
* * * LOW HITPOINT WARNING * * *
Your Axes skill increases to level 6!
You have reached level 4!
You feel stronger.
You slash the hobgoblin!
You kill the hobgoblin!
Trog accepts your kill.
A frilled lizard comes into view.
The gnoll misses you. The gnoll hits you with a +0 spear.
* * * LOW HITPOINT WARNING * * *
Things that are here:
a +0 halberd; a hobgoblin corpse You slash the gnoll!
The gnoll is almost dead.
You hit the gnoll. The gnoll hits you but does no damage.
The gnoll hits you with a +0 spear.
You die...

..........#
..l......#
#........###
#..........
#.......###
#.##...>.....#
#..........#.##
#gg......
#@####... #†#
#†# ##.##
#######...#
#.........#
#.##.##...#
#.##.######
#.##.#


You could see 2 gnolls and a frilled lizard.

Vanquished Creatures
  A gnoll (D:2)
  An adder (D:2)
  2 dart slugs (D:1)
  6 endoplasms
  4 giant cockroaches (D:1)
  5 goblins
  5 hobgoblins
  4 jackals (D:1)
  A quokka (D:2)
  5 ball pythons
  5 bats (D:1)
  3 frilled lizards
  2 kobolds
  4 rats (D:1)
48 creatures vanquished.

Notes
Turn   | Place    | Note
-------+----------+-------------------------------------------
     0 | D:1      | BuddhaDhamma the Minotaur Berserker began the quest for the
                  | Orb.
     0 | D:1      | Reached XP level 1. HP: 19/19 MP: 0/0
    91 | D:1      | Reached skill level 4 in Axes
   232 | D:1      | Reached XP level 2. HP: 24/26 MP: 1/1
   498 | D:1      | Reached ** piety under Trog
   502 | D:1      | Reached skill level 5 in Axes
   562 | D:1      | Reached XP level 3. HP: 29/31 MP: 2/2
  1040 | D:2      | Identified the +1 ring mail of Inviolability {MP+9}
  1307 | D:2      | Reached skill level 6 in Axes
  1307 | D:2      | Reached XP level 4. HP: 8/39 MP: 3/3
  1309 | D:2      | Slain by a gnoll

Illustrated notes

Levels and vault maps discovered:
D:1:      minmay_arrival_four_loops, layout_basic, minivault_19
D:2:      layout_loops_ring, minmay_split_cup_small

Skill      XL: |  1  2  3 |
---------------+----------+-----
Axes           | 4 5 6 |  6.0
Fighting       | |  3.6
Armour         | |  2.4
Dodging        | |  2.1

Action                   |  1- 3 |  4- 6 || total
-------------------------+-------+-------++-------
Melee: Hand axe          |    78 |     2 ||    80
       Headbutt          |    10 |       ||    10
Throw: Boomerang         |     6 |       ||     6
Invok: Berserk           |     1 |       ||     1
Armor: Animal skin       |     3 |       ||     3
       Leather armour    |     1 |       ||     1
       Ring mail         |    30 |     1 ||    31
Dodge: Dodged            |    52 |     1 ||    53
